 Dungeon Crawl Stone Soup version 0.29.1-14-g9c671dbff4 (webtiles) character file.

Game seed: 3880077851767554674

325 leafyfresh the Covert (level 6, -4/53 HPs)
             Began as a Gnoll Delver on Feb 13, 2023.
             Slain by a gnoll
             ... wielding a +0 whip
              (7 damage)
             ... on level 3 of the Dungeon.
             The game lasted 00:05:12 (3958 turns).

leafyfresh the Covert (Gnoll Delver)                Turns: 3958, Time: 00:05:13

Health: -4/53      AC:  3    Str: 11    XL:     6   Next: 48%
Magic:  9/9        EV: 13    Int: 10    God:
Gold:   158        SH:  0    Dex: 15    Spells: 9/9 levels left

rFire   . . .      SeeInvis .   m - +0 dagger (elec)
rCold   . . .      Faith    .   (no shield)
rNeg    . . .      Spirit   .   b - +0 leather armour
rPois   +          Reflect  .   (no helmet)
rElec   .          Harm     .   (no cloak)
rCorr   .          Rampage  .   (no gloves)
Will    .....                   (no boots)
Stlth   ++++......              (no amulet)
HPRegen 0.17/turn               r - ring of poison resistance
MPRegen 0.11/turn               (no ring)

@: no status effects
A: fangs 1, strong nose, distributed training
a: no special abilities


You were on level 3 of the Dungeon.
You visited 1 branch of the dungeon, and saw 5 of its levels.

You collected 158 gold pieces.

Inventory:

Hand Weapons
 a - a +0 spear
 h - a +0 hand axe of flaming
 i - a +0 longbow
 m - a +0 dagger of electrocution (weapon)
 q - a +0 short sword of venom
Armour
 b - a +0 leather armour (worn)
Jewellery
 r - a ring of poison resistance (left hand)
Wands
 g - a wand of digging (3)
 o - a wand of paralysis (21)
Scrolls
 c - a scroll of fog
 k - 4 scrolls of fear
 n - a scroll of identify
 p - a scroll of teleportation
 s - a scroll of noise
 v - a scroll of poison
 x - a scroll of torment
 y - a scroll of magic mapping
 z - a scroll of enchant armour
Potions
 d - 2 potions of lignification {unknown}
 e - a potion of brilliance {unknown}
 f - 2 potions of haste
 j - a potion of ambrosia {unknown}
 l - 2 potions of might
 t - a potion of magic {unknown}
 u - a potion of mutation {unknown}
 w - 2 potions of curing {unknown}


   Skills:
 + Level 6.9 Fighting
 + Level 2.1 Short Blades
 + Level 2.1 Long Blades
 + Level 2.1 Axes
 + Level 2.1 Maces & Flails
 + Level 5.0 Polearms
 + Level 2.1 Staves
 + Level 2.1 Ranged Weapons
 + Level 2.1 Throwing
 + Level 2.1 Armour
 + Level 5.0 Dodging
 + Level 9.8 Stealth
 + Level 2.1 Shields
 + Level 2.1 Unarmed Combat
 + Level 2.1 Spellcasting
 + Level 1.6 Conjurations
 + Level 1.6 Hexes
 + Level 1.6 Summonings
 + Level 1.6 Necromancy
 + Level 1.6 Translocations
 + Level 1.6 Transmutations
 + Level 1.6 Fire Magic
 + Level 1.6 Ice Magic
 + Level 1.6 Air Magic
 + Level 1.6 Earth Magic
 + Level 1.6 Poison Magic
 + Level 2.3 Invocations
 + Level 2.1 Evocations


You had 9 spell levels left.
You didn't know any spells.
Your spell library contained the following spells:

 Spells                   Type           Power      Damage    Failure   Level
 Apportation              Tloc           8%         N/A       21%         1
 Beastly Appendage        Tmut           8%         N/A       21%         1
 Sandblast                Erth           8%         2d5       21%         1
 Passwall                 Tmut/Erth      3%         N/A       30%         2
 Wereblood                Tmut           4%         N/A       30%         2
 Spider Form              Tmut/Pois      4%         N/A       52%         3
 Stone Arrow              Conj/Erth      8%         3d7       52%         3
 Alistair's Intoxication  Tmut/Pois      2%         N/A       99%         5


Dungeon Overview and Level Annotations

Branches:
Dungeon (5/15)
 Temple: D:4-7

Altars:
Xom

Shops:
D:3 (

Portals:
Sewer: D:5

Annotations:
D:5 Ijyb


Innate Abilities, Weirdness & Mutations

You have very sharp teeth.
Your uncanny sense of smell can sniff out nearby items.
Your experience applies equally to all skills.


Message History

Press: ? - help, Q - select action, (/) - cycle Shift-Dir - straight line You shoot an arrow.
Something completely misses you. Something hits you.
Fire: i) +0 longbow
Press: ? - help, Q - select action, (/) - cycle Shift-Dir - straight line You shoot an arrow.
Something hits you.
You miss something. Something hits you. x2
Fire: i) +0 longbow
Press: ? - help, Q - select action, (/) - cycle Shift-Dir - straight line You shoot an arrow.
Something hits you. x2
Fire: i) +0 longbow
Press: ? - help, Q - select action, (/) - cycle Shift-Dir - straight line, f - you Really target yourself? [Y]es or [N]o only, please.
Really target yourself?
Okay, then.
Fire: i) +0 longbow
Press: ? - help, Q - select action, (/) - cycle Shift-Dir - straight line You shoot an arrow.
Something hits you.
Fire: i) +0 longbow
Press: ? - help, Q - select action, (/) - cycle Shift-Dir - straight line You shoot an arrow.
Something hits you but does no damage. Something hits you.
Fire: i) +0 longbow
Press: ? - help, Q - select action, (/) - cycle Shift-Dir - straight line You shoot an arrow.
Something barely misses you. Something hits you!
* * * LOW HITPOINT WARNING * * *
You hear the crackle of electricity.
m - a +0 dagger of electrocution (weapon)
Unknown command.
You hit something but do no damage. Something hits you.
* * * LOW HITPOINT WARNING * * *
You miss something. Something hits you.
* * * LOW HITPOINT WARNING * * *
You miss something. Something hits you!
You die...

###### #....# #....## #....#.
#....#.
####################....#.
#####.......{@................
####.......################....#.
#..........###.....########....#.
#....>.)..................######.
#......(...###.....######..# ##
#.....###### #.....# ###.######
#####.# #.....# #∩........
###.########.....# #.........
#..........#.....## #.........


There were no monsters in sight!

Vanquished Creatures
  An ogre (D:4)
  A scorpion (D:5)
  5 gnolls
  4 adders
  2 worms
  A dart slug (D:2)
  7 orcs
  4 endoplasms
  5 giant cockroaches
  7 hobgoblins
  7 jackals
  12 kobolds
  2 quokkas
  A ball python (D:3)
  7 bats
  4 frilled lizards
  7 goblins
  9 rats
86 creatures vanquished.

Notes
Turn   | Place    | Note
-------+----------+-------------------------------------------
     0 | D:5      | Reached skill level 9 in Stealth
     0 | D:5      | leafyfresh the Gnoll Delver began the quest for the Orb.
     0 | D:5      | Reached XP level 1. HP: 23/23 MP: 1/1
    12 | D:5      | Noticed Ijyb
    22 | D:5      | Found a glowing drain.
    32 | D:5      | Reached XP level 2. HP: 29/29 MP: 2/2
    34 | D:5      | Noticed a scorpion
    51 | D:5      | Killed a scorpion
    52 | D:5      | Reached skill level 1 in Short Blades
    52 | D:5      | Reached skill level 1 in Long Blades
    52 | D:5      | Reached skill level 1 in Axes
    52 | D:5      | Reached skill level 1 in Maces & Flails
    52 | D:5      | Reached skill level 1 in Staves
    52 | D:5      | Reached skill level 1 in Ranged Weapons
    52 | D:5      | Reached skill level 1 in Throwing
    52 | D:5      | Reached skill level 1 in Armour
    52 | D:5      | Reached skill level 1 in Shields
    52 | D:5      | Reached skill level 1 in Unarmed Combat
    52 | D:5      | Reached skill level 1 in Spellcasting
    52 | D:5      | Reached skill level 1 in Invocations
    52 | D:5      | Reached skill level 1 in Evocations
    52 | D:5      | Reached XP level 3. HP: 4/35 MP: 2/4
    52 | D:5      | Reached XP level 4. HP: 5/41 MP: 2/5
   444 | D:4      | Noticed an ogre
   629 | D:3      | Reached skill level 1 in Conjurations
   629 | D:3      | Reached skill level 1 in Hexes
   629 | D:3      | Reached skill level 1 in Summonings
   629 | D:3      | Reached skill level 1 in Necromancy
   629 | D:3      | Reached skill level 1 in Translocations
   629 | D:3      | Reached skill level 1 in Transmutations
   629 | D:3      | Reached skill level 1 in Fire Magic
   629 | D:3      | Reached skill level 1 in Ice Magic
   629 | D:3      | Reached skill level 1 in Air Magic
   629 | D:3      | Reached skill level 1 in Earth Magic
   629 | D:3      | Reached skill level 1 in Poison Magic
   838 | D:3      | Found Feda Gom's Antique Weapon Emporium.
  1096 | D:3      | Reached XP level 5. HP: 44/47 MP: 7/7
  1693 | D:2      | Found a shimmering altar of Xom.
  1809 | D:1      | Found a faded altar of an unknown god.
  3073 | D:4      | Reached XP level 6. HP: 53/53 MP: 8/8
  3382 | D:4      | Reached skill level 5 in Polearms
  3382 | D:4      | Reached skill level 5 in Dodging
  3958 | D:3      | Slain by a gnoll

Illustrated notes

Levels and vault maps discovered:
D:1:      lemuel_arrival_tunnels, layout_loops_ring,
          hellmonk_ecumenical_altar_dog_temple, minmay_misc_feat_square
D:2:      layout_rooms, basic_altar, dreamdust_princess_bridge
D:3:      minmay_bubble_buster, layout_basic, serial_shops, shop
D:4:      kennysheep_spiral_hall, layout_gridville, amcnicky_altar_gilded
D:5:      layout_rooms, mainiacjoe_overflow_cross_hatched, portal_sewer_entry_c,
          lemuel_flamethrower_1, uniq_edmund, uniq_ijyb, uniq_menkaure

Skill      XL: |  1  2  3  4  5  6 |
---------------+-------------------+-----
Stealth        | |  9.8
Short Blades   | 1 2 |  2.1
Long Blades    | 1 2 |  2.1
Axes           | 1 2 |  2.1
Maces & Flails | 1 2 |  2.1
Staves         | 1 2 |  2.1
Ranged Weapons | 1 2 |  2.1
Throwing       | 1 2 |  2.1
Armour         | 1 2 |  2.1
Shields        | 1 2 |  2.1
Unarmed Combat | 1 2 |  2.1
Spellcasting   | 1 2 |  2.1
Invocations    | 1 2 |  2.3
Evocations     | 1 2 |  2.1
Conjurations   | 1 |  1.6
Hexes          | 1 |  1.6
Summonings     | 1 |  1.6
Necromancy     | 1 |  1.6
Translocations | 1 |  1.6
Transmutations | 1 |  1.6
Fire Magic     | 1 |  1.6
Ice Magic      | 1 |  1.6
Air Magic      | 1 |  1.6
Earth Magic    | 1 |  1.6
Poison Magic   | 1 |  1.6
Polearms       | 5 |  5.0
Dodging        | 5 |  5.0
Fighting       | |  6.9

Action                   |  1- 3 |  4- 6 || total
-------------------------+-------+-------++-------
Melee: Spear             |    22 |       ||    22
       Punch             |     1 |       ||     1
       Hand axe          |       |     5 ||     5
       Dagger            |       |     3 ||     3
       Longbow           |       |     1 ||     1
 Fire: Longbow           |       |   201 ||   201
  Use: Scroll            |     1 |     6 ||     7
       Potion            |       |     1 ||     1
 Stab: Sleeping          |     1 |       ||     1
Armor: Leather armour    |     4 |    31 ||    35
Dodge: Dodged            |    14 |    91 ||   105
